 Dungeon Sprint DCSS version 0.19.5 (webtiles) character file.

2375 equalderp2856 the Ripper (level 9, -1/46 HPs)
             Began as a Felid Fighter on Mar 2, 2017.
             Was the Champion of Kikubaaqudgha.
             Slain by a sun demon (11 damage)
             ... in the Dungeon (Sprint VII: "The Pits").
             The game lasted 00:11:56 (4226 turns).

equalderp2856 the Ripper (Felid Fighter)            Turns: 4226, Time: 00:11:56

Health: -1/46      AC:  2    Str: 16    XL:     9   Next: 21%
Magic:  10/10      EV: 33    Int: 10    God:    Kikubaaqudgha [******]
Gold:   0          SH:  0    Dex: 21    Spells: 3 memorised, 0 levels left
                                        Lives:  0   Deaths: 3

rFire  . . .     SeeInvis +       - Unarmed
rCold  . . .     Gourm    .     (armour unavailable)
rNeg   . . .     Faith    .     (shield unavailable)
rPois  .         Spirit   .     (helmet unavailable)
rElec  .         Reflect  .     (cloak unavailable)
rCorr  .         Harm     .     (gloves unavailable)
MR     +....     NoTele   +     (boots unavailable)
Stlth  ++++++....               (no amulet)
                                p - +3 ring of strength
                                o - +3 ring of dexterity

@: quick
A: no armour, no weapons or thrown items, stealth, claws 1, fangs 3, see
invisible, carnivore 3, speed 1, shaggy fur 2, slow metabolism 1, sharp paws
a: Receive Corpses, Torment, Renounce Religion


You were in the Dungeon.
You worshipped Kikubaaqudgha.
Kikubaaqudgha was exalted by your worship.
You were not hungry.

You visited 1 branch

Inventory:

Jewellery
 o - a +3 ring of dexterity (left paw)
 p - a +3 ring of strength (right paw)
Scrolls
 h - a scroll of blinking
 k - 3 scrolls of remove curse
 l - 5 scrolls of amnesia
 m - a scroll of summoning
Potions
 a - 2 potions of might
 e - 3 potions of haste
 f - 4 potions of magic
 g - 3 potions of berserk rage
 j - 2 potions of invisibility
 q - 2 potions of brilliance
 r - a potion of cure mutation
 s - a potion of agility
Books
 c - a Necronomicon

   Spells                             Type                      Level
   a - Haunt                          Necromancy/Summoning         7
   b - Borgnjor's Revivification      Necromancy                   8
   c - Death's Door                   Charms/Necromancy            8
   d - Infestation                    Necromancy                   8
   e - Necromutation                  Transmutation/Necromancy     8
 i - Kikubaaqudgha's Disquisition on Stolen Souls
   (Kikubaaqudgha gifted it to you in the Dungeon)

   Spells                             Type                      Level
   a - Pain                           Necromancy                   1
   b - Corpse Rot                     Necromancy                   2
   c - Sublimation of Blood           Necromancy                   2
   d - Regeneration                   Charms/Necromancy            3
   e - Control Undead                 Necromancy                   4
 n - Kikubaaqudgha's Collected Works on Darkness
   (Kikubaaqudgha gifted it to you in the Dungeon)

   Spells                             Type                      Level
   a - Animate Dead                   Necromancy                   4
   b - Agony                          Necromancy                   5
   c - Cigotuvi's Embrace             Necromancy                   5
   d - Dispel Undead                  Necromancy                   5
   e - Death Channel                  Necromancy                   6
Comestibles
 b - 7 meat rations


   Skills:
 + Level 9.7 Fighting
 + Level 15.9 Dodging
 + Level 11.5 Stealth
 + Level 17.9 Unarmed Combat


You couldn't memorise any spells.
You knew the following spells:

 Your Spells              Type           Power        Failure   Level  Hunger
a - Pain                  Necr           #...         38%         1    ##.....
b - Regeneration          Chrm/Necr      #.........   92%         3    ####...
c - Animate Dead          Necr           N/A          100%        4    #####..


Dungeon Overview and Level Annotations

Branches:
Dungeon (1/1)

Altars:
Ashenzari
Cheibriados
Dithmenos
Elyvilon
Fedhas
Gozag
Hepliaklqana
Kikubaaqudgha
Makhleb
Nemelex Xobeh
Okawaru
Qazlal
Ru
Sif Muna
Trog
Uskayaw
Vehumet
Xom
Yredelemnul
Zin
The Shining One
Beogh
Jiyva
Lugonu


Innate Abilities, Weirdness & Mutations

You cannot wear armour.
You are incapable of wielding weapons or throwing items.
Your paws allow you to move quietly. (Stealth)
You have sharp claws.
You have razor-sharp teeth.
You have supernaturally acute eyesight. (SInv)
You are carnivorous and can eat meat at any time.
You cover ground quickly.
You are covered in thick fur. (AC +2)
You have a slow metabolism.
Your sharp claws are effective at attacking unaware monsters.


Message History

The sun demon hits you!
You are engulfed in flames!!
* * * LOW HITPOINT WARNING * * *
The kobold throws a stone.
The stone completely misses you.
You scratch the sun demon.
The sun demon is heavily wounded.
The sun demon misses you.
You claw the sun demon!
You bite the sun demon, but do no damage.
The sun demon is severely wounded.
The kobold throws a stone.
The stone barely misses you. The sun demon completely misses you.
You claw the sun demon! Your claw misses the sun demon.
You bite the sun demon, but do no damage.
The sun demon is almost dead.
The kobold throws a stone.
The stone completely misses you.
You miss the sun demon.
The sun demon is almost dead.
The sun demon hits you!
You die...
Kikubaaqudgha rasps: "You have failed me!
Welcome... death!"

#'#####'#####''######
..##.......##''##########
..##.......##......'..'..
####.......##).....'..'.
..##...<...##.....##..## ##
..##.......##)).###....### ..#
..##.......##..##........###.###
####.......##''#.).#..#...#35..#.
..###########..(@3......)K†K5..'.
)############''#...#..#...#.KK.#5
)#....#..[[##..##........###.###
'#....#..[[##...###....###....#
÷'....'..))##.....##..##.....##
'#....#..))###.....'..K.....#
)#....#..))# ###...'..'...###
############ ############


You could see a sun demon and a kobold.

Vanquished Creatures
  A deep troll (D)
  A phantasmal warrior (D)
  An orc knight (D)
  A manticore (D)
  A black mamba (D)
  An efreet (D)
  A freezing wraith (D)
  2 kobold demonologists (D)
  A demonic crawler (D)
  A merfolk (D)
  A hellwing (D)
  A polar bear (D)
  A hornet (D)
  4 vampire mosquitoes (D)
  A mottled dragon (D)
  Edmund (D)
  A swamp drake (D)
  A floating eye (D)
  A porcupine (D)
  An ice beast (D)
  An orc warrior (D)
  A sky beast (D)
  An eye of draining (D)
  A black bear (D)
  A phantom (D)
  4 centaurs (D)
  A big kobold (D)
  A bullfrog (D)
  A gnoll shaman (D)
  An iguana (D)
  2 worker ants (D)
  A hell rat (D)
  An ooze (D)
  A leopard gecko (D)
  3 orcs (D)
  2 giant cockroaches (D)
  2 goblins (D)
  A hobgoblin (D)
  2 kobolds (D)
  A quokka (D)
  2 rats (D)
55 creatures vanquished.

Notes
Turn   | Place    | Note
-------+----------+-------------------------------------------
     0 | D        | equalderp2856 the Felid Fighter began the quest for the Orb.
     0 | D        | Reached XP level 1. HP: 10/10 MP: 2/2
    41 | D        | Found a radiant altar of Vehumet.
    41 | D        | Found a hide-covered altar of Uskayaw.
    41 | D        | Found an ancient bone altar of Kikubaaqudgha.
    41 | D        | Found a viscous altar of Jiyva.
    41 | D        | Found a hazy altar of Hepliaklqana.
    42 | D        | Found a bloodstained altar of Trog.
    42 | D        | Found a deep blue altar of Sif Muna.
    42 | D        | Found a sacrificial altar of Ru.
    42 | D        | Found a stormy altar of Qazlal.
    42 | D        | Found an iron altar of Okawaru.
    42 | D        | Found a sparkling altar of Nemelex Xobeh.
    42 | D        | Found an opulent altar of Gozag.
    42 | D        | Found a blossoming altar of Fedhas.
    42 | D        | Found a white marble altar of Elyvilon.
    42 | D        | Found a shadowy altar of Dithmenos.
    42 | D        | Found a snail-covered altar of Cheibriados.
    43 | D        | Found a glowing golden altar of the Shining One.
    43 | D        | Found a glowing silver altar of Zin.
    45 | D        | Found a roughly hewn altar of Beogh.
    45 | D        | Found a burning altar of Makhleb.
    45 | D        | Found a basalt altar of Yredelemnul.
    49 | D        | Became a worshipper of Kikubaaqudgha
    64 | D        | Noticed a worker ant
    71 | D        | Killed a worker ant
    71 | D        | Reached skill level 5 in Dodging
    71 | D        | Reached skill level 6 in Unarmed Combat
    71 | D        | Reached XP level 2. HP: 5/15 MP: 3/3
    73 | D        | Reached XP level 3. HP: 6/18 MP: 4/4
   262 | D        | Noticed a floating eye
   262 | D        | Noticed an ice beast
   263 | D        | Paralysed by a floating eye for 2 turns
   268 | D        | Killed a floating eye
   268 | D        | Reached * piety under Kikubaaqudgha
   268 | D        | Identified Kikubaaqudgha's Disquisition on Stolen Souls (Kikubaaqudgha gifted it to you in the Dungeon)
   268 | D        | Received a gift from Kikubaaqudgha
   268 | D        | Reached skill level 8 in Unarmed Combat
   268 | D        | Reached XP level 4. HP: 4/22 MP: 5/5
   275 | D        | Reached skill level 5 in Fighting
   984 | D        | Killed an ice beast
   984 | D        | Reached ** piety under Kikubaaqudgha
   984 | D        | Reached skill level 9 in Unarmed Combat
   984 | D        | Reached XP level 5. HP: 27/27 MP: 6/6
  1049 | D        | Found a corrupted altar of Lugonu.
  1049 | D        | Found a shimmering altar of Xom.
  1049 | D        | Found a shattered altar of Ashenzari.
  1080 | D        | Noticed a black bear
  1081 | D        | Noticed Edmund
  1096 | D        | Killed a black bear
  1096 | D        | Reached skill level 10 in Unarmed Combat
  1096 | D        | Gained mutation: You are covered in thick fur. (AC +2) [Felid growth]
  1096 | D        | Reached XP level 6. HP: 24/31 MP: 7/7
  1241 | D        | Reached *** piety under Kikubaaqudgha
  1241 | D        | Identified Kikubaaqudgha's Collected Works on Darkness (Kikubaaqudgha gifted it to you in the Dungeon)
  1241 | D        | Received a gift from Kikubaaqudgha
  1241 | D        | Reached skill level 11 in Unarmed Combat
  1253 | D        | Killed Edmund
  1377 | D        | Reached skill level 12 in Unarmed Combat
  1379 | D        | Noticed a porcupine
  1381 | D        | Reached **** piety under Kikubaaqudgha
  1381 | D        | Reached skill level 5 in Stealth
  1381 | D        | Reached XP level 7. HP: 35/35 MP: 8/8
  1585 | D        | Reached skill level 10 in Dodging
  1585 | D        | Reached skill level 13 in Unarmed Combat
  1686 | D        | Noticed a hornet
  1686 | D        | Noticed a vampire mosquito
  1686 | D        | Noticed a vampire mosquito
  1686 | D        | Noticed a vampire mosquito
  1687 | D        | Noticed a vampire mosquito
  1694 | D        | Killed a vampire mosquito
  1704 | D        | HP: 1/36 [vampire mosquito (10)]
  1704 | D        | Slain by a worker ant
  1705 | D        | Reached XP level 6. HP: -2/33 MP: 7/7
  1729 | D        | Reached ***** piety under Kikubaaqudgha
  1746 | D        | Killed a vampire mosquito
  1746 | D        | Reached XP level 7. HP: 20/36 MP: 8/8
  1751 | D        | Killed a vampire mosquito
  1761 | D        | Killed a vampire mosquito
  1761 | D        | Reached skill level 14 in Unarmed Combat
  1764 | D        | Killed a hornet
  1764 | D        | Reached XP level 8. HP: 18/40 MP: 9/9
  2170 | D        | Noticed an orc knight
  2743 | D        | Killed an orc knight
  2743 | D        | Reached ****** piety under Kikubaaqudgha
  2743 | D        | Reached skill level 10 in Stealth
  2743 | D        | Reached skill level 15 in Unarmed Combat
  2779 | D        | Noticed a deep troll
  2813 | D        | Killed a deep troll
  2813 | D        | Reached XP level 9. HP: 30/45 MP: 10/10
  2913 | D        | Noticed a merfolk
  2919 | D        | Noticed a hellwing
  2973 | D        | Killed a hellwing
  2973 | D        | Reached skill level 16 in Unarmed Combat
  3158 | D        | Noticed a demonic crawler
  3159 | D        | Noticed a freezing wraith
  3160 | D        | Noticed a manticore
  3209 | D        | Killed a demonic crawler
  3217 | D        | Killed a merfolk
  3552 | D        | Killed a freezing wraith
  3833 | D        | Killed a manticore
  3833 | D        | Reached skill level 17 in Unarmed Combat
  3833 | D        | Reached XP level 10. HP: 22/49 MP: 11/11
  4004 | D        | Received a gift from Kikubaaqudgha
  4010 | D        | Learned a level 1 spell: Pain
  4014 | D        | Learned a level 3 spell: Regeneration
  4019 | D        | Learned a level 4 spell: Animate Dead
  4077 | D        | Killed from afar by an efreet
  4078 | D        | Reached XP level 9. HP: 0/45 MP: 10/10
  4083 | D        | Killed an efreet
  4083 | D        | Reached skill level 15 in Dodging
  4090 | D        | Noticed a phantasmal warrior
  4091 | D        | Noticed a kobold demonologist
  4093 | D        | Noticed a kobold demonologist
  4094 | D        | Killed a polar bear
  4104 | D        | Noticed a sun demon
  4106 | D        | Noticed a black mamba
  4106 | D        | Killed a phantasmal warrior
  4114 | D        | Noticed a smoke demon
  4139 | D        | Slain by a black mamba
  4140 | D        | Reached XP level 8. HP: -3/42 MP: 9/9
  4152 | D        | Killed a black mamba
  4183 | D        | Killed a kobold demonologist
  4183 | D        | Reached XP level 9. HP: 46/46 MP: 10/10
  4186 | D        | Noticed a hellwing
  4192 | D        | Killed a kobold demonologist
  4226 | D        | Slain by a sun demon

Skill      XL: |  1  2  3  4  5  6  7  8  9 |
---------------+----------------------------+-----
Dodging        | 5 7 8 9 11 12 15 | 15.9
Unarmed Combat | 6 8 9 10 12 14 15 17 | 17.9
Fighting       | 4 5 6 7 8 9 |  9.7
Stealth        | 2 3 8 9 10 11 | 11.5

Action                   |  1- 3 |  4- 6 |  7- 9 | 10-12 || total
-------------------------+-------+-------+-------+-------++-------
Melee: Unarmed           |    18 |    53 |   181 |     4 ||   256
       Bite              |     2 |    10 |    35 |       ||    47
       Punch             |     1 |     4 |    19 |       ||    24
Invok: Receive Necronomi |       |       |       |     1 ||     1
  Use: Potion            |       |       |    13 |       ||    13
 Stab: Sleeping          |     1 |     3 |     1 |       ||     5
       Distracted        |       |       |     1 |       ||     1
  Eat: Meat ration       |       |       |     1 |       ||     1
Armor: Skin              |     1 |     2 |     8 |       ||    11
Dodge: Dodged            |    10 |    46 |   242 |     2 ||   300
